 Dungeon Crawl Stone Soup version 0.30.0 (webtiles) character file.

Game seed: 15178571248360277114

228 Exaltedone87 the Covered (level 5, -12/48 HPs)
             Began as an Armataur Fighter on May 6, 2023.
             Mangled by an ogre
             ... wielding a +0 giant club
              (22 damage)
             ... on level 4 of the Dungeon.
             The game lasted 00:04:06 (2664 turns).

Exaltedone87 the Covered (Armataur Fighter)         Turns: 2664, Time: 00:04:07

Health: -12/48     AC: 12    Str: 22    XL:     5   Next: 71%
Magic:  5/5        EV:  7    Int:  8    God:
Gold:   88         SH:  4    Dex: 11    Spells: 4/4 levels left

rFire   + . .        a - +0 flail (flame)
rCold   . . .        c - +0 buckler
rNeg    . . .        b - +0 scale mail
rPois   .            (no helmet)
rElec   .            n - +0 cloak
rCorr   .            (no gloves)
SInv    .            (no barding)
Will    .....        (no amulet) Stlth
                     k - +4 ring of protection
HPRegen 0.28/turn    m - ring of protection from fire
MPRegen 0.09/turn

%: roll
@: mighty
A: large, rugged brown scales 3, deformed body, armoured tail, roll, long
tongue, awkward tongue
a: no special abilities


You were on level 4 of the Dungeon.
You visited 1 branch of the dungeon, and saw 4 of its levels.

You collected 88 gold pieces.

Inventory:

Hand Weapons
 a - a +0 flail of flaming (weapon)
Armour
 b - a +0 scale mail (worn)
 c - a +0 buckler (worn)
 f - a +0 pair of gloves
 i - a +0 plate armour
 n - a +0 cloak (worn)
Jewellery
 k - a +4 ring of protection (left hand)
 m - a ring of protection from fire (right hand)
Scrolls
 e - 3 scrolls of teleportation
Potions
 d - a potion of might
 g - a potion of magic
 h - a potion of degeneration {unknown}
 j - a potion of heal wounds {unknown}
 l - a potion of cancellation
 o - a potion of ambrosia
 p - 2 potions of curing {unknown}


   Skills:
 + Level 3.5 Fighting
 * Level 3.7 Maces & Flails
 + Level 4.7 Armour
 + Level 4.2 Shields


You had 4 spell levels left.
You didn't know any spells.
Your spell library contained the following spells:

 Spells                   Type           Power      Damage    Failure   Level
 Sublimation of Blood     Necr           0%         N/A       90%         2
 Wereblood                Tmut           0%         N/A       90%         2
 Vhi's Electric Charge    Tloc/Air       0%         N/A       99%         3
 Arcjolt                  Conj/Air       0%         1d10      100%        5
 Summon Hydra             Summ           0%         N/A       100%        7
 Maxwell's Capacitive Co  Air            0%         ∞         100%        8


Dungeon Overview and Level Annotations

Branches:
Dungeon (4/15)
 Temple: D:4-7

Altars:


Innate Abilities, Weirdness & Mutations

You are completely covered in rugged brown scales. (AC +3, +7% HP)
Armour fits poorly on your strangely shaped body.
You have a long armoured tail.
You roll when moving toward enemies. (Rampage)
Your long tongue fully drains potion bottles. (2x potion effects)
Your tongue gives you trouble enunciating. (1.5x scroll delay)


Message History

The hound bites you but does no damage. The hound misses you.
You hit the hound but do no damage.
The hound is heavily wounded.
The hound barely misses you. The hound bites you.
You barely miss the hound.
The hound is heavily wounded.
The hound bites you. The hound bites you but does no damage.
A hound comes into view.
You closely miss the hound.
The hound barks!
Your tail-slap misses the hound.
The hound is heavily wounded.
The hound barely misses you. The hound bites you but does no damage.
You hit the hound but do no damage.
The hound is heavily wounded.
The hound bites you. The hound bites you but does no damage.
You hit the hound. You burn the hound.
The hound is heavily wounded.
The hound bites you but does no damage. x2
You barely miss the hound.
The hound is heavily wounded.
The hound bites you but does no damage. The hound closely misses you.
Unknown command.
You sock the hound! You burn the hound.
You kill the hound!
The ogre hits you with a +0 giant club!
You barely miss the ogre.
Sorry, you're not good enough to have a special ability.
You feel very mighty all of a sudden.
You slurp down every last drop of the potion of might!
The ogre barely misses you.
You hit the ogre. You burn the ogre.
The ogre is lightly wounded.
The ogre hits you with a +0 giant club!!
* * * LOW HITPOINT WARNING * * *
Unknown command.
You barely miss the ogre.
The ogre is lightly wounded.
The ogre hits you with a +0 giant club!!
You die...

## . .# #.# .#
#... $# #..###.#
#.hSO..######
#@......# ####
#.#####.# ...
#.#####.##.#
#.##.......# ##.
#.##.#...#.##....
#.............##.
##.......<.......
#.......##.######
#..#.......#


You could see an ogre, a hound and a ball python.

Vanquished Creatures
  A hound (D:4)
  2 orc wizards (D:3)
  3 gnolls (D:3)
  5 adders
  A dart slug (D:2)
  4 orcs
  5 ball pythons
  10 endoplasms
  2 giant cockroaches
  5 goblins
  5 hobgoblins
  3 jackals (D:3)
  A quokka (D:1)
  2 bats
  6 frilled lizards
  9 kobolds
  7 rats
71 creatures vanquished.

Vanquished Creatures (others)
  A demonic plant (D:2)
1 creature vanquished.

Grand Total: 72 creatures vanquished

Notes
Turn   | Place    | Note
-------+----------+-------------------------------------------
     0 | D:1      | Exaltedone87 the Armataur Fighter began the quest for the
                  | Orb.
     0 | D:1      | Reached XP level 1. HP: 19/19 MP: 1/1
   247 | D:1      | Reached XP level 2. HP: 25/26 MP: 2/2
   638 | D:1      | Reached XP level 3. HP: 32/33 MP: 3/3
  1601 | D:2      | Reached XP level 4. HP: 40/40 MP: 4/4
  2208 | D:3      | Reached XP level 5. HP: 28/48 MP: 5/5
  2647 | D:4      | Noticed an ogre
  2664 | D:4      | Mangled by an ogre

Illustrated notes

Levels and vault maps discovered:
D:1:      heliophobic_arrival_glass_houses, layout_loops_ring,
          minmay_misc_feat_ornament
D:2:      layout_basic, dreamdust_princess_corridor
D:3:      layout_rooms
D:4:      layout_loops_cross, chequers_temple_overflow_statue_of_worship,
          minmay_checkerbox, uniq_edmund

Skill      XL: |  1  2  3  4 |
---------------+-------------+-----
Maces & Flails | 2 3 |  3.7
Fighting       | 3 |  3.5
Armour         | 4 |  4.7
Shields        | 4 |  4.2

Action                     |  1- 3 |  4- 6 || total
---------------------------+-------+-------++-------
  Melee: Flail             |   119 |    81 ||   200
         Tailslap          |    10 |     8 ||    18
    Use: Scroll            |     6 |     3 ||     9
         Potion            |       |     1 ||     1
 Armour: Scale mail        |    62 |    54 ||   116
  Dodge: Dodged            |    47 |    36 ||    83
  Block: Buckler           |    18 |    14 ||    32
